 Dungeon Crawl Stone Soup version 0.23-a0-446-g036aa52 (webtiles) character file.

2814 kidcy the Basher (level 10, 0/79 HPs)
             Began as a Formicid Abyssal Knight on Nov 18, 2018.
             Was a Priest of Lugonu.
             Slain by an orc warrior
             ... wielding a +0 dire flail
              (2 damage)
             ... on level 7 of the Dungeon.
             The game lasted 00:17:32 (9313 turns).

kidcy the Basher (Formicid Abyssal Knight)          Turns: 9313, Time: 00:17:33

Health: 0/79       AC: 14    Str: 16    XL:     10   Next: 2%
Magic:  13/13      EV:  7    Int: 12    God:    Lugonu [***...]
Gold:   344        SH:  0    Dex: 12    Spells: 9/9 levels left

rFire    + . .     SeeInvis +   r - +4 morningstar
rCold    . . .     Gourm    .   (no shield)
rNeg     . . .     Faith    .   m - +0 chain mail
rPois    +         Spirit   .   (helmet unavailable)
rElec    .         Reflect  .   f - +0 cloak
rCorr    .         Harm     .   v - +0 pair of gloves
MR       +....                  o - +1 pair of boots
Stlth    ..........             y - amulet of the acrobat
HPRegen  0.23/turn              j - ring of protection from fire
MPRegen  0.13/turn              (no ring)

@: drained
A: permanent stasis, dig shafts and tunnels, four strong arms, antennae 3, low
mp 1, poison resistance, weak 1
a: Dig, Shaft Self, Depart the Abyss, Bend Space, Banish, Renounce Religion


You were on level 7 of the Dungeon.
You worshipped Lugonu.
Lugonu was most pleased with you.
You were hungry.

You visited 1 branch of the dungeon, and saw 7 of its levels.
You visited the Abyss 1 time.
You also visited: Bailey.

You collected 344 gold pieces.

Inventory:

Hand Weapons
 r - a +4 morningstar (weapon)
Armour
 f - a +0 cloak (worn)
 m - a +0 chain mail (worn)
 o - a +1 pair of boots (worn)
 v - a +0 pair of gloves (worn)
Jewellery
 j - a ring of protection from fire (left hand)
 y - an amulet of the acrobat (around neck)
Wands
 p - a wand of polymorph (1)
Scrolls
 d - a scroll of amnesia
 g - a scroll of immolation {unknown}
 i - 3 scrolls of identify
 s - a scroll of magic mapping
 w - a scroll of fog
Potions
 b - a potion of magic
 e - 2 potions of degeneration
 h - 2 potions of resistance
 k - a potion of mutation
 l - a potion of brilliance
 q - a potion of haste {unknown}
 t - a potion of curing
 x - a potion of lignification {unknown}
Comestibles
 a - 3 chunks of flesh
 c - 15 rations


   Skills:
 + Level 7.2(6.1) Fighting
 * Level 8.5(7.4) Maces & Flails
 + Level 6.7(5.6) Armour
 - Level 1.0(0.1) Dodging
 + Level 7.2(6.2) Invocations


You had 9 spell levels left.
You didn't know any spells.
Your spell library was empty.

Dungeon Overview and Level Annotations

Branches:
Dungeon (7/15)             Temple (0/1) D:6

Altars:
Ashenzari
Dithmenos
Elyvilon
Hepliaklqana
Qazlal
Ru
Xom
Zin
The Shining One


Innate Abilities, Weirdness & Mutations

You cannot be hasted, slowed, berserked, paralysed or teleported.
You can dig through walls and to a lower floor.
Your four strong arms can wield two-handed weapons with a shield.
You have a pair of large antennae on your head. (SInv)
Your magical capacity is low. (-10% MP)
Your system is resistant to poisons. (rPois)
You are weak. (Str -2)


Message History

The orc throws a tomahawk.
The tomahawk hits you but does no damage.
You closely miss the orc warrior.
The orc warrior is almost dead.
The orc warrior hits you with a +0 dire flail!!
* * * LOW HITPOINT WARNING * * *
Okay, then.
You see here a tomahawk.
You see here 7 gold pieces.
You see here 2 stones.
The orc warrior hits you with a +0 dire flail.
* * * LOW HITPOINT WARNING * * *
Okay, then.
Are you sure you want to shaft yourself?
You are feeling hungry.
The orc barely misses you.
You begin to dig a shaft.
You continue digging a shaft.
The orc hits you but does no damage. x2
The orc warrior hits you with a +0 dire flail.
You die...

**,* #.,* ##.###### #.......###
##.........## # #.(.........## **
# #............# **, #
##............# *##,,
##########......@o.....# *##..**
......>.........oo.....# *#...#*
.................o.....###...###
#########..............#.......#
##)...........(.#...#....#
##..................##....##
#....)...............#.....# #
##..)#)..............)......#
#####...##......................#


You could see an orc warrior and 3 orcs.

Vanquished Creatures
  Pikel (D:5)
  A hippogriff (D:7)
  2 ice beasts
  A phantom (D:4)
  An ogre (D:5)
  A big kobold (D:7)
  3 bullfrogs
  A scorpion (D:3)
  10 wights
  A howler monkey (D:7)
  A crimson imp (D:5)
  7 hounds
  3 orc priests
  2 bullfrog skeletons (D:6)
  6 worker ants
  An iguana (D:7)
  4 orc wizards
  A killer bee zombie (D:7)
  2 hound skeletons
  4 gnolls
  A howler monkey skeleton (D:4)
  10 adders
  A shadow imp (D:7)
  An ooze (D:1)
  2 adder skeletons
  An adder zombie (D:6)
  2 worms (D:3)
  A dart slug (D:1)
  7 leopard geckos
  21 orcs
  2 ball pythons
  2 giant cockroaches (D:3)
  22 goblins
  7 hobgoblins
  8 jackals
  12 kobolds
  5 quokkas
  4 bats
  9 frilled lizards
  2 jackal skeletons (D:5)
  A jackal zombie (D:7)
  A quokka zombie (D:4)
  9 rats
184 creatures vanquished.

Vanquished Creatures (others)
  A worker ant (D:5)
  A quokka (D:5)
2 creatures vanquished.

Grand Total: 186 creatures vanquished

Notes
Turn   | Place    | Note
-------+----------+-------------------------------------------
     0 | Abyss:1  | kidcy the Formicid Abyssal Knight began the quest for the
                  | Orb.
     0 | Abyss:1  | Reached XP level 1. HP: 18/18 MP: 2/2
    58 | Abyss:1  | Noticed a shadow
    60 | D:1      | Escaped the Abyss
   240 | D:1      | Reached skill level 1 in Dodging
   264 | D:1      | Reached XP level 2. HP: 22/24 MP: 3/3
   338 | D:1      | Reached * piety under Lugonu
   543 | D:1      | Reached XP level 3. HP: 24/29 MP: 4/4
  1021 | D:2      | Found a shattered altar of Ashenzari.
  1021 | D:2      | Found a shimmering altar of Xom.
  1061 | D:2      | Found a shadowy altar of Dithmenos.
  1248 | D:2      | Reached XP level 4. HP: 11/37 MP: 6/6
  1709 | D:2      | Reached skill level 3 in Maces & Flails
  1902 | D:2      | Noticed an ogre
  2296 | D:3      | Reached XP level 5. HP: 34/42 MP: 7/7
  2611 | D:3      | Reached ** piety under Lugonu
  3279 | D:3      | Gained mutation: You are weak. (Str -2) [potion of
                  | mutation]
  3279 | D:3      | Gained mutation: Your magical capacity is low. (-10% MP)
                  | [potion of mutation]
  3279 | D:3      | Gained mutation: Your system is resistant to poisons.
                  | (rPois) [potion of mutation]
  3282 | D:3      | Reached skill level 4 in Maces & Flails
  3282 | D:3      | Reached XP level 6. HP: 15/48 MP: 7/7
  4149 | D:4      | You fall through a shaft!
  4149 | D:5      | Entered Level 5 of the Dungeon
  4158 | D:5      | Reached XP level 7. HP: 20/55 MP: 9/9
  4858 | D:5      | Noticed Pikel
  4900 | D:5      | Killed Pikel
  4900 | D:5      | Reached skill level 5 in Fighting
  4900 | D:5      | Reached skill level 5 in Maces & Flails
  4900 | D:5      | Reached skill level 5 in Invocations
  4900 | D:5      | Reached XP level 8. HP: 6/63 MP: 10/10
  5271 | D:5      | Reached skill level 6 in Maces & Flails
  5321 | D:5      | Found a glowing golden altar of the Shining One.
  5321 | D:5      | Found a glowing silver altar of Zin.
  5379 | D:5      | Reached skill level 5 in Armour
  5748 | D:5      | Found a hazy altar of Hepliaklqana.
  6090 | D:5      | Found a white marble altar of Elyvilon.
  6934 | D:6      | Reached XP level 9. HP: 57/69 MP: 12/12
  7060 | D:6      | Reached skill level 7 in Maces & Flails
  7093 | D:6      | Found a staircase to the Ecumenical Temple.
  7430 | D:6      | Found a shadowy altar of Dithmenos.
  7532 | D:6      | Found a stormy altar of Qazlal.
  7654 | D:6      | Found a sacrificial altar of Ru.
  7942 | D:7      | Reached *** piety under Lugonu
  7952 | D:7      | Found a flagged portal.
  7986 | Bailey   | Entered a bailey
  8369 | D:7      | Noticed a hippogriff
  8386 | D:7      | Killed a hippogriff
  8628 | D:6      | Reached skill level 8 in Maces & Flails
  9239 | D:7      | Reached XP level 10. HP: 59/79 MP: 12/13
  9296 | D:7      | HP: 2/79 [orc warrior/+0 dire flail (22)]
  9310 | D:7      | HP: 2/79 [orc warrior/+0 dire flail (3)]
  9313 | D:7      | Slain by an orc warrior

Vault maps used:
D:1:      lemuel_arrival_river_ford, chequers_serial_rivers_micro_e
D:2:      nicolae_dithmenos_through_a_glass_darkly,
          gammafunk_temple_overflow_wave, minmay_misc_feat_roman, uniq_sigmund
D:4:      first_ration
D:5:      good_gods_temple_1, overflow_temple_1_default, minmay_ogre_servants,
          uniq_pikel
D:6:      nicolae_qazlal_eye_of_the_storm, minmay_temple_entry_ruins,
          basic_altar, chequers_serial_rivers_large_a,
          nicolae_ru_sacrificial_ziggurat
D:7:      enter_bailey_3
Abyss:1:  gammafunk_corrupted_shrine, hangedman_decor_points
Bailey:   bailey_polearm_gnolls_kennysheep, bailey

Skill      XL: |  1  2  3  4  5  6  7  8  9 |
---------------+----------------------------+-----
Dodging        | 1 |  1.0
Maces & Flails | 3 4 5 6 8 |  8.5
Invocations    | 3 4 5 7 |  7.2
Armour         | 3 4 5 6 |  6.7
Fighting       | 4 5 6 7 |  7.2

Action                   |  1- 3 |  4- 6 |  7- 9 | 10-12 || total
-------------------------+-------+-------+-------+-------++-------
Melee: Mace              |   125 |   227 |    85 |       ||   437
       Whip              |       |       |   116 |       ||   116
       Flail             |       |       |   254 |       ||   254
       Morningstar       |       |       |    90 |    12 ||   102
Invok: Depart the Abyss  |     1 |       |       |       ||     1
 Abil: Shaft Self        |       |     1 |       |     1 ||     2
       Dig               |       |       |     2 |       ||     2
Evoke: Wand              |       |       |     1 |       ||     1
  Use: Scroll            |       |     7 |     5 |       ||    12
       Potion            |       |     5 |     1 |       ||     6
  Eat: Chunk             |     1 |     7 |     6 |     1 ||    15
       Ration            |       |     1 |     3 |       ||     4
Armor: Ring mail         |    57 |   128 |   183 |       ||   368
       Chain mail        |       |       |   183 |     5 ||   188
Dodge: Dodged            |    79 |   129 |   261 |     8 ||   477

Table legend:
 A = Non-vault XP
 B = Vault XP
 C = Vault XP percentage of total XP
 D = Non-vault monster count
 E = Vault monster count
 F = Vault count percentage of total count
                 A         B        C        D         E       F
            +---------+---------+-------+---------+---------+-------
      Total |    2965 |    1055 |  26.2 |     167 |      17 |   9.2
            +---------+---------+-------+---------+---------+-------
        D:1 |      45 |       0 |   0.0 |      22 |       0 |   0.0
        D:2 |      73 |       0 |   0.0 |      22 |       0 |   0.0
        D:3 |     235 |       0 |   0.0 |      32 |       0 |   0.0
        D:4 |     472 |       0 |   0.0 |      19 |       0 |   0.0
        D:5 |     283 |     833 |  74.6 |      20 |      10 |  33.3
        D:6 |     524 |       0 |   0.0 |      13 |       0 |   0.0
        D:7 |    1333 |     137 |   9.3 |      39 |       5 |  11.4
     Bailey |       0 |      85 | 100.0 |       0 |       2 | 100.0
            +---------+---------+-------+---------+---------+-------
